 Dungeon Crawl Stone Soup version 0.20.0-4-g10b340a (webtiles) character file.

4189 nikopol the Cleaver (level 10, -4/63 HPs)
             Began as a Gargoyle Fighter on May 27, 2017.
             Was a Priest of Okawaru.
             Slain by a two-headed ogre
             ... wielding a +0 giant club
              (14 damage)
             ... on level 8 of the Dungeon.
             The game lasted 00:20:28 (8523 turns).

nikopol the Cleaver (Gargoyle Fighter)              Turns: 8523, Time: 00:20:28

Health: -4/63      AC: 19    Str: 31    XL:     10   Next: 29%
Magic:  10/10      EV: 11    Int:  9    God:    Okawaru [***...]
Gold:   517        SH: 12    Dex: 14    Spells: 9/9 levels left

rFire    . . .     SeeInvis +   a - +0 war axe
rCold    . . .     Gourm    +   c - +0 shield
rNeg     + . .     Faith    .   f - +1 ring mail of Defence {Str+3 Dex+4}
rPois    ∞         Spirit   .   (no helmet)
rElec    +         Reflect  .   m - +0 cloak
rCorr    .         Harm     .   M - +1 pair of gloves
MR       .....                  O - +0 pair of boots
Stlth    +.........             q - amulet of the gourmand
Regen    0.2/turn               J - ring of see invisible
MPRegen  0.2/turn               v - +6 ring of strength

@: no status effects
A: negative energy resistance 1, electricity resistance, unbreathing,
petrification resistance, rot immunity, AC +7
a: Heroism, Renounce Religion


You were on level 8 of the Dungeon.
You worshipped Okawaru.
Okawaru was most pleased with you.
You were very full.

You visited 2 branches of the dungeon, and saw 9 of its levels.

You collected 517 gold pieces.

Inventory:

Hand Weapons
 a - a +0 war axe (weapon)
 w - a +0 broad axe
Missiles
 z - 3 throwing nets (quivered)
Armour
 b - a +0 scale mail
 c - a +0 shield (worn)
 f - the +1 ring mail of Defence (worn) {Str+3 Dex+4}
   (You found it on level 8 of the Dungeon)

   It affects your strength (+3).
   It affects your dexterity (+4).
 m - a +0 cloak (worn)
 H - a +0 large shield
 M - a +1 pair of gloves (worn)
 N - a +0 chain mail of fire resistance
 O - a +0 pair of boots (worn)
Jewellery
 k - a cursed ring of teleportation {unknown}
 q - an amulet of the gourmand (around neck)
 t - a cursed amulet of guardian spirit {unknown}
 v - a +6 ring of strength (right hand)
 J - a ring of see invisible (left hand)
 R - a +4 ring of evasion {unknown}
Wands
 B - a wand of polymorph (14/24)
Scrolls
 e - 3 scrolls of blinking {unknown}
 i - 5 scrolls of identify {unknown}
 j - 4 scrolls of teleportation {unknown}
 n - 2 scrolls of amnesia {unknown}
 o - 3 scrolls of enchant armour {unknown}
 r - 2 scrolls of fear {unknown}
 s - 3 scrolls of remove curse {unknown}
 x - 2 scrolls of noise {unknown}
 y - 2 scrolls of recharging {unknown}
 D - 6 scrolls of fog {unknown}
 F - 4 scrolls of enchant weapon {unknown}
 P - a scroll of immolation {unknown}
 Q - a scroll of random uselessness {unknown}
Potions
 d - 3 potions of might
 h - 4 potions of curing {unknown}
 l - 3 potions of flight {unknown}
 p - 3 potions of berserk rage {unknown}
 u - 2 potions of ambrosia {unknown}
 A - a potion of agility {unknown}
 E - a potion of lignification {unknown}
 G - a potion of invisibility {unknown}
 I - a potion of resistance {unknown}
 L - a potion of mutation {unknown}
 S - a potion of heal wounds {unknown}
Books
 K - a book of Maledictions

   Spells                             Type                      Level
   a - Corona                         Hexes                        1
   b - Ensorcelled Hibernation        Hexes/Ice                    2
   c - Confuse                        Hexes                        3
   d - Tukima's Dance                 Hexes                        3
   e - Dazzling Spray                 Conjuration/Hexes            3
Comestibles
 g - 6 meat rations
 C - 3 fruits


   Skills:
 + Level 7.1 Fighting
 + Level 8.5 Axes
 + Level 7.1 Armour
 + Level 3.0 Dodging
 + Level 1.4 Stealth
 + Level 8.2 Shields
 + Level 0.2 Invocations


You had 9 spell levels left.
You didn't know any spells.

Dungeon Overview and Level Annotations

Branches:
Dungeon (8/15)             Temple (1/1) D:4
   Lair: D:8-11

Altars:
Ashenzari
Cheibriados
Dithmenos
Elyvilon
Fedhas
Gozag
Hepliaklqana
Kikubaaqudgha
Makhleb
Nemelex Xobeh
Okawaru
Qazlal
Ru
Sif Muna
Trog
Uskayaw
Vehumet
Xom
Yredelemnul
Zin
The Shining One

Shops:
D:6 *   D:7 :


Innate Abilities, Weirdness & Mutations

You are resistant to torment.
Your stone body is resilient. (AC +7)
You are immune to poison.
You resist negative energy. (rN+)
You are resistant to electric shocks. (rElec)
You can survive without breathing.
You are immune to petrification.
You are immune to rotting.


Message History

You are too injured to fight recklessly!
You are too injured to fight recklessly!
You are too injured to fight recklessly!
You are too injured to fight recklessly!
You are too injured to fight recklessly!
You are too injured to fight recklessly!
You are too injured to fight recklessly!
You are too injured to fight recklessly!
You are too injured to fight recklessly!
You slash the two-headed ogre!
The two-headed ogre is severely wounded.
The two-headed ogre hits you with a giant club!
* * * LOW HITPOINT WARNING * * *
The two-headed ogre closely misses you.
You slash the two-headed ogre!
The two-headed ogre is almost dead.
You hit the two-headed ogre.
The two-headed ogre is almost dead.
The two-headed ogre hits you with a giant club!
You die...

.......####...#.# #.....##.
.......'...####### #####.###
.......##### ...+ #.... ......##
...# #.... .....## #..# ##....
#<..## #..# #..... ##'## #..#
#..... ##.# #†O# ##..... ...#
#.@# #.....# ##.## #..# ##.....#
#...## #..# ###......#
.....####### #..# ####.......##
..........[# #..####.'........#.
...#########..#.......#........'.
...# #..#......##.......### ...#
#..#####..#......###.. ...# #..#
##...#.....##....


You could see a two-headed ogre.

Vanquished Creatures
  Pikel (D:3)
  Sigmund (D:3)
  A yak (D:8)
  3 hungry ghosts
  3 sky beasts
  An ice beast (D:7)
  A necrophage (D:5)
  2 phantoms
  7 ogres
  3 centaurs
  A big kobold (D:7)
  4 bullfrogs
  A scorpion (D:6)
  A killer bee (D:8)
  A wight (D:8)
  A howler monkey (D:6)
  2 crimson imps
  6 orc priests
  3 jellies
  2 hounds
  3 bullfrog skeletons
  A centaur skeleton (D:4)
  5 orc wizards
  3 iguanas
  Natasha (thrice) (D:3)
  3 worker ants
  A worker ant zombie (D:5)
  8 adders
  5 gnolls
  A shadow imp (D:7)
  3 adder skeletons
  An adder zombie (D:5)
  2 worms
  4 dart slugs
  4 leopard geckos
  24 orcs
  2 giant cockroaches
  11 hobgoblins
  3 quokkas
  2 ball pythons
  10 bats
  6 frilled lizards
  4 goblins
  13 kobolds
  A leopard gecko zombie (D:5)
  A quokka skeleton (D:7)
  A quokka zombie (D:7)
  6 rats
  4 bushes (D:4)
  3 plants (D:4)
183 creatures vanquished.

Notes
Turn   | Place    | Note
-------+----------+-------------------------------------------
     0 | D:1      | nikopol the Gargoyle Fighter began the quest for the Orb.
     0 | D:1      | Reached XP level 1. HP: 14/14 MP: 1/1
    71 | D:1      | Reached XP level 2. HP: 13/19 MP: 2/2
   784 | D:1      | Reached XP level 3. HP: 20/23 MP: 3/3
  1617 | D:3      | Reached XP level 4. HP: 28/28 MP: 4/4
  2193 | D:3      | Noticed Natasha
  2205 | D:3      | Killed Natasha
  2205 | D:3      | Reached XP level 5. HP: 12/33 MP: 5/5
  2418 | D:3      | Noticed Sigmund
  2442 | D:3      | Killed Sigmund
  2442 | D:3      | Reached skill level 1 in Dodging
  2442 | D:3      | Reached XP level 6. HP: 12/38 MP: 6/6
  2577 | D:3      | Noticed Natasha
  2583 | D:3      | Reached skill level 5 in Shields
  2588 | D:3      | Killed Natasha
  2757 | D:3      | Noticed Natasha
  2769 | D:3      | Killed Natasha
  2769 | D:3      | Reached XP level 7. HP: 34/44 MP: 7/7
  2858 | D:3      | Found a radiant altar of Vehumet.
  3061 | D:4      | Found a staircase to the Ecumenical Temple.
  3083 | Temple   | Entered the Ecumenical Temple
  3191 | Temple   | Became a worshipper of Warmaster Okawaru
  3461 | D:4      | Noticed Pikel
  3789 | D:3      | Killed Pikel
  3789 | D:3      | Reached * piety under Okawaru
  3789 | D:3      | Reached skill level 5 in Fighting
  3789 | D:3      | Reached skill level 5 in Axes
  3789 | D:3      | Reached skill level 5 in Armour
  3789 | D:3      | Reached XP level 8. HP: 43/49 MP: 8/8
  4047 | D:4      | Found a stormy altar of Qazlal.
  4156 | D:5      | Entered Level 5 of the Dungeon
  4468 | D:5      | Reached skill level 1 in Stealth
  4478 | D:5      | You fall through a shaft for 2 floors!
  4712 | D:7      | Paralysed by fainting for 7 turns
  4932 | D:7      | Found Muidgh's Book Shop.
  4952 | D:7      | Found a shattered altar of Ashenzari.
  4982 | D:7      | Found a white marble altar of Elyvilon.
  5078 | D:7      | Reached ** piety under Okawaru
  5164 | D:7      | Reached XP level 9. HP: 45/55 MP: 9/9
  5239 | D:6      | Found Zin's Purification Station.
  5249 | D:6      | Found a glowing silver altar of Zin.
  6506 | D:6      | Reached *** piety under Okawaru
  7952 | D:8      | Reached XP level 10. HP: 56/61 MP: 10/10
  8453 | D:8      | Got a smoking ring mail
  8466 | D:8      | Identified the +1 ring mail of Defence {Str+3 Dex+4} (You found it on level 8 of the Dungeon)
  8509 | D:8      | Noticed a two-headed ogre
  8523 | D:8      | Slain by a two-headed ogre

Skill      XL: |  1  2  3  4  5  6  7  8  9 10 |
---------------+-------------------------------+-----
Axes           | 2 3 5 6 8 |  8.5
Shields        | 4 5 6 7 8 |  8.2
Armour         | 4 5 6 7 |  7.1
Fighting       | 4 5 6 7 |  7.1
Dodging        | 1 2 3 |  3.0
Stealth        | 1 |  1.4
Invocations    | |  0.2

Action                   |  1- 3 |  4- 6 |  7- 9 | 10-12 || total
-------------------------+-------+-------+-------+-------++-------
Melee: War axe           |   121 |   154 |   644 |   119 ||  1038
Invok: Heroism           |       |       |     1 |     1 ||     2
  Eat: Chunk             |     1 |     6 |    34 |    10 ||    51
       Royal jelly       |       |       |     3 |       ||     3
       Bread ration      |       |       |     2 |     1 ||     3
       Fruit             |       |       |     1 |       ||     1
Armor: Scale mail        |    60 |   117 |   199 |       ||   376
       Chain mail        |       |       |    45 |    71 ||   116
       Ring mail         |       |       |       |     1 ||     1
Dodge: Dodged            |    35 |    56 |   156 |    36 ||   283
Block: Shield            |    72 |   109 |   291 |    81 ||   553
